 Dungeon Crawl Stone Soup version 0.30-a0-950-gbf40cfac39 (webtiles) character file.

Game seed: 17472118573292926294

105107 Grim the Eclecticist (level 15, -10/97 HPs)
             Began as a Deep Elf Air Elementalist on Mar 28, 2023.
             Was a High Priest of Vehumet.
             Killed by the air
             ... invoked by a spriggan air mage
              (13 damage)
             ... on level 2 of the Swamp.
             The game lasted 02:17:35 (36854 turns).

Grim the Eclecticist (Deep Elf Air Elementalist)   Turns: 36854, Time: 02:17:37

Health: -10/97     AC: 13    Str: 13    XL:     15   Next: 93%
Magic:  8/49       EV: 17    Int: 27    God:    Vehumet [*****.]
Gold:   1513       SH:  6    Dex: 17    Spells: 4/53 levels left

rFire   . . .      SeeInvis .    a - staff of conjuration "Xyempakk" {rN++ Str+2 Stlth+}
rCold   + . .      Faith    .    Z - +2 buckler {reflect}
rNeg    + + .      Spirit   .    I - +2 robe {rC+}
rPois   .          Reflect  +    X - +2 helmet {Int+3}
rElec   .          Rampage  .    U - +2 cloak
rCorr   .                        O - +0 pair of gloves
Will    ++...                    R - +1 pair of boots
Stlth   ++                       D - amulet "Hoemiejolu" {RegenMP Str+2}
HPRegen 0.36/turn                S - ring of wizardry
MPRegen 0.71/turn                b - ring "Nir Rirch" {Will+ MP+9 Dex+2}

@: about to teleport, very slow
A: no striking features
a: Renounce Religion


You were on level 2 of the Swamp.
You worshipped Vehumet.
Vehumet was extremely pleased with you.
You visited 5 branches of the dungeon, and saw 24 of its levels.

You collected 1881 gold pieces.
You spent 368 gold pieces at shops.

Inventory:

Missiles
 V - a throwing net
Armour
 t - a +1 buckler of resistance
 I - a +2 robe of cold resistance (worn)
 O - a +0 pair of gloves (worn)
 R - a +1 pair of boots (worn)
 U - a +2 cloak (worn)
 X - a +2 helmet of intelligence (worn)
 Z - a +2 buckler of reflection (worn)
Magical Staves
 a - the staff of conjuration "Xyempakk" (weapon) {rN++ Str+2 Stlth+}
   (You acquired it on level 3 of the Lair of Beasts)

   [staff of conjuration]

   Base accuracy: +5 Base damage: 5 Base attack delay: 1.2 This weapon's minimum
   attack delay (0.6) is reached at skill level 12.
   Str:       It affects your strength (+2).
   rN:        It greatly protects you from negative energy.
   Stlth:     It makes you more stealthy.
   It falls into the 'Staves' category.
   It is a one-handed weapon.
Jewellery
 b - the ring "Nir Rirch" (right hand) {Will+ MP+9 Dex+2}
   (You bought it in a shop on level 13 of the Dungeon)

   [ring of magical power]

   Dex:       It affects your dexterity (+2).
   MP:        It affects your magic capacity (+9).
   Will:      It increases your willpower.
 d - a ring of fire
 D - the amulet "Hoemiejolu" (around neck) {RegenMP Str+2}
   (You found it on level 4 of the Lair of Beasts)

   [amulet of magic regeneration]

   It increases your rate of magic regeneration.
   Str:       It affects your strength (+2).
 E - a ring of protection from fire
 S - a ring of wizardry (left hand)
 T - a ring of poison resistance
 Y - a ring of ice
Wands
 m - a wand of roots (11)
 q - a wand of charming (23)
 v - a wand of flame (83)
 A - a wand of light (1)
 K - a wand of mindburst (20)
 L - a wand of polymorph (12)
 Q - a wand of digging (8)
Scrolls
 c - 3 scrolls of fear {unknown}
 g - 6 scrolls of fog {unknown}
 i - a scroll of brand weapon
 p - 2 scrolls of enchant armour
 r - 7 scrolls of teleportation
 w - a scroll of torment {unknown}
 y - 3 scrolls of blinking
 B - 5 scrolls of noise
 C - 2 scrolls of magic mapping {unknown}
 G - 3 scrolls of poison {unknown}
 H - 3 scrolls of enchant weapon {unknown}
 M - 4 scrolls of immolation {unknown}
 N - 2 scrolls of identify
Potions
 f - 2 potions of might
 h - 4 potions of flight
 k - 3 potions of brilliance
 l - 2 potions of mutation {!q}
 n - a potion of invisibility {unknown}
 o - 10 potions of curing
 s - 3 potions of haste
 u - 2 potions of cancellation {unknown}
 x - a potion of lignification
 z - 3 potions of heal wounds
 F - 4 potions of resistance
 P - a potion of ambrosia {unknown}
 W - a potion of attraction {unknown}
Miscellaneous
 e - a lightning rod (4/4)
 j - a lightning rod (4/4)


   Skills:
 + Level 12.3 Fighting
 - Level 10.0 Staves
 - Level 10.0 Dodging
 - Level 2.4 Stealth
 * Level 19.9 Spellcasting
 + Level 5.9 Conjurations
 - Level 6.5 Hexes
 - Level 6.0 Necromancy
 - Level 3.0 Fire Magic
 - Level 2.5 Ice Magic
 - Level 12.4 Air Magic
 - Level 3.0 Poison Magic


You had 4 spell levels left.
You knew the following spells:

 Your Spells              Type           Power      Damage    Failure   Level
a - Shock                 Conj/Air       100%       1d9       1%          1
b - Static Discharge      Conj/Air       100%       2-7/arc   1%          2
c - Swiftness             Air            76%        N/A       1%          3
d - Airstrike             Air            38%        2d(6-22)  1%          4
f - Searing Ray           Conj           100%       2d8       1%          2
g - Freezing Cloud        Conj/Ice/Air   38%        6-21      1%          5
h - Mephitic Cloud        Conj/Pois/Air  78%        N/A       1%          3
i - Plasma Beam           Fire/Air       31%        2x1d48    1%          5
j - Olgreb's Toxic Radia  Pois           43%        N/A       1%          4
k - Ignite Poison         Fire/Tmut/Pois 37%        N/A       1%          3
l - Arcjolt               Conj/Air       43%        1d53      1%          5
m - Fireball              Conj/Fire      33%        3d14      1%          5
n - Orb of Destruction    Conj           36%        9d11      17%         7

Your spell library contained the following spells:

 Spells                   Type           Power      Damage    Failure   Level
 Yara's Violent Unravell  Hex/Tmut       22%        3d10      1%          5
 Apportation              Tloc           52%        N/A       1%          1
 Freeze                   Ice            100%       1d10      1%          1
 Blink                    Tloc           52%        N/A       1%          2
 Ensorcelled Hibernation  Hex/Ice        100%       N/A       1%          2
 Lesser Beckoning         Tloc           52%        N/A       1%          2
 Momentum Strike          Conj/Tloc      100%       3d10      1%          2
 Dazzling Flash           Conj/Hex       100%       N/A       1%          3
 Frozen Ramparts          Ice            80%        1d13      1%          3
 Hailstorm                Conj/Ice       65%        3d14      1%          3
 Kindle Blastsparks       Fire/Tloc/Air  100%       2d18      1%          3
 Ozocubu's Armour         Ice            40%        N/A       1%          3
 Spider Form              Tmut/Pois      35%        N/A       1%          3
 Anguish                  Hex/Necr       28%        N/A       1%          4
 Gell's Gravitas          Tloc           26%        N/A       2%          3
 Teleport Other           Tloc           26%        N/A       2%          3
 Ice Form                 Ice/Tmut       33%        N/A       4%          4
 Agony                    Necr           56%        N/A       1%          5
 Iskenderun's Battlesphe  Conj           73%        2d12      1%          5
 Silence                  Hex/Air        33%        N/A       1%          5
 Conjure Ball Lightning   Conj/Air       43%        3x3d15    1%          6
 Irradiate                Conj/Tmut      29%        3d21      2%          5
 Alistair's Intoxication  Tmut/Pois      23%        N/A       12%         5
 Simulacrum               Ice/Necr       25%        N/A       22%         6
 Blade Hands              Tmut           13%        N/A       24%         5
 Ozocubu's Refrigeration  Ice            20%        4d11      47%         7
 Dragon Form              Tmut           13%        N/A       99%         7


Dungeon Overview and Level Annotations

Branches:
Dungeon (14/15)            Temple (1/1) D:5            Lair (5/5) D:10
  Swamp (1/4) Lair:2        Snake (0/4) Lair:2        Slime (0/5) Lair:5
    Orc (2/2) D:9             Elf (0/3) Orc:2        Vaults (0/5) D:14

Altars:
Ashenzari
Cheibriados
Dithmenos
Elyvilon
Gozag
Hepliaklqana
Makhleb
Nemelex Xobeh
Ru
Sif Muna
Trog
Vehumet
Wu Jian
Xom
Yredelemnul
Zin
The Shining One
Jiyva

Shops:
D:3 =   D:13 [[:=?   Orc:2 =*(*

Portals:
Pandemonium: Orc:2

Annotations:
D:5 Pikel
Lair:1 exclusion: ice statue


Message History

You hear a deafening roar!
The spriggan rider is engulfed in a cloud of scalding steam.
A spriggan berserker comes into view. It is wielding a +2 flail of draining.
The spriggan rider is engulfed in a cloud of scalding steam.
The spriggan rider hits you but does no damage.
Okay, then.
As you read the scroll of teleportation, it crumbles to dust.
You feel strangely unstable.
A spriggan air mage comes into view. It is wearing a +0 robe of willpower.
The spriggan berserker is engulfed in noxious fumes.
The spriggan berserker appears confused.
A spriggan air mage comes into view.
The spriggan rider is engulfed in a cloud of scalding steam.
The spriggan rider closely misses you.
You enter the shallow water.
Moving in this stuff is going to be slow.
Found a stone staircase leading up.
The spriggan air mage shouts!
The spriggan air mage is engulfed in noxious fumes. x3
The spriggan air mage waves its arms in wide circles.
The air twists around and strikes you!!
The spriggan rider is engulfed in a cloud of scalding steam.
The spriggan air mage is engulfed in noxious fumes.
The spriggan air mage waves its arms in wide circles.
The air twists around and strikes you!
* * * LOW HITPOINT WARNING * * *
Found a long sword.
The spriggan air mage waves its arms in wide circles.
The air twists around and strikes you!!
* * * LOW HITPOINT WARNING * * *
The spriggan air mage is engulfed in noxious fumes.
The spriggan rider hits you from afar with a +0 spear!
* * * LOW HITPOINT WARNING * * *
You feel much better.
The spriggan air mage waves its arms in wide circles.
The air twists around and strikes you!!
* * * LOW HITPOINT WARNING * * *
The spriggan air mage waves its arms in wide circles.
The air twists around and strikes you!
You die...

♣♣~♣♣ .~..
♣♣.~~~♣♣ .~~.
<~§~~~~♣ .^...
.§~~~~§♣♣♣♣~..~~
♣ ~~~~~~....~...~
♣.~ .(.†..~i.○i..
♣~..~♣♣...)..~○..
♣..~.@~i†~i))♣
.......~~~.~~~~♣
.~~~..♣.....~~.♣
)~.♣♣~♣♣§♣♣~~♣♣♣
♣§ ♣ ♣♣♣ ♣♣♣ ♣


You could see a spriggan rider, a spriggan berserker (confused) and 2 spriggan
air magi.

Vanquished Creatures
  Gastronok (Lair:3)
  3 ghouls (Swamp:1)
  Nessos (Orc:2)
  A bunyip (Swamp:1)
  Josephine (D:10)
  7 hydras
  Fannar (D:12)
  7 two-headed ogres
  3 demonspawn (Orc:2)
  4 catoblepae (Lair:5)
  2 centaur warriors
  A death knight (D:13)
  5 alligators (Swamp:1)
  A tengu warrior (D:14)
  13 death yaks
  5 orc high priests (Orc:2)
  A skyshark (Lair:4)
  A soul eater (Orc:2)
  Nergalle (Lair:2)
  A sixfirhy (Orc:2)
  A spriggan druid (Swamp:2)
  2 goliath frogs (Swamp:1)
  A wizard (D:14)
  8 bog bodies
  A phantasmal warrior (D:13)
  3 ugly things
  4 orc knights (Orc:2)
  7 spectral spriggans (Swamp:1)
  7 orc sorcerers (Orc:2)
  A mana viper (shapeshifter) (D:14)
  4 cyclopes
  2 manticores (Lair:5)
  11 elephants
  Maurice (D:10)
  2 orange demons (Orc:2)
  A gargoyle (D:12)
  A torpor snail (Lair:4)
  4 black mambas
  A cane toad (Lair:1)
  Psyche (D:9)
  6 rime drakes
  3 freezing wraiths
  3 kobold demonologists
  3 efreet (D:14)
  5 komodo dragons
  A tengu conjurer (D:14)
  An ice devil (Lair:1)
  6 polar bears
  8 hornets
  3 bloated husks (Swamp:1)
  2 trolls
  A polar bear (shapeshifter) (D:13)
  A wind drake (shapeshifter) (D:14)
  A hellwing (Orc:2)
  Grinder (D:3)
  5 tyrant leeches
  15 blink frogs
  6 slime creatures
  Sigmund (D:2)
  3 shadows
  2 vampires
  6 spriggans
  5 wraiths
  Eustachio (D:5)
  2 wyverns
  66 yaks
  7 vampire mosquitoes
  A steam dragon (D:6)
  7 basilisks
  A death yak simulacrum (Lair:1)
  A harpy simulacrum (Lair:1)
  A swamp worm (Swamp:1)
  4 wargs
  2 nagas (Lair:2)
  Edmund (D:5)
  2 acid dragons
  15 water moccasins
  A swamp drake (Swamp:2)
  5 ice beasts
  5 sky beasts
  2 black bears
  28 orc warriors
  5 ogres
  17 wolves
  A boggart (shapeshifter) (D:14)
  A lemure (D:5)
  9 centaurs
  Blork the orc (D:5)
  5 kobold brigands
  A gnoll sergeant (D:8)
  12 bullfrogs
  6 scorpions
  An entropy weaver simulacrum (Lair:1)
  11 wights
  A troll zombie (D:9)
  9 howler monkeys
  4 electric eels
  3 lava snakes (Lair:5)
  6 jellies
  Crazy Yiuf (D:3)
  21 orc priests
  2 hounds
  Ijyb (D:3)
  Jessica (D:2)
  4 iguanas
  A gnoll bouda (D:9)
  6 hell rats (Lair:2)
  12 orc wizards
  A sleepcap (D:5)
  A polar bear simulacrum (Lair:1)
  2 spriggan simulacra (Lair:1)
  7 ogre zombies (D:9)
  Robin (D:2)
  10 gnolls
  4 adders
  A naga simulacrum (Lair:1)
  A white imp (D:5)
  2 ufetubi
  3 dart slugs
  63 orcs
  8 ball pythons
  7 endoplasms
  A giant cockroach (D:2)
  18 goblins
  12 hobgoblins
  3 jackals (D:5)
  28 kobolds
  A quokka (D:1)
  2 bats (D:1)
  2 frilled lizards
  2 goblin skeletons (D:9)
  3 goblin zombies (D:9)
  3 hobgoblin skeletons (D:9)
  3 hobgoblin zombies (D:9)
  An orc skeleton (D:9)
  13 orc zombies (D:9)
  2 rats
710 creatures vanquished.

Vanquished Creatures (others)
  A yak (D:9)
  An orc warrior (D:9)
  A gnoll (D:8)
  31 fungi
  85 plants
119 creatures vanquished.

Grand Total: 829 creatures vanquished

Notes
Turn   | Place    | Note
-------+----------+-------------------------------------------
     0 | D:1      | Grim the Deep Elf Air Elementalist began the quest for the
                  | Orb.
     0 | D:1      | Reached XP level 1. HP: 10/10 MP: 6/6
   197 | D:1      | Reached XP level 2. HP: 14/15 MP: 2/8
  1188 | D:2      | Noticed Jessica
  1190 | D:2      | Killed Jessica
  1191 | D:2      | Reached skill level 4 in Spellcasting
  1191 | D:2      | Reached XP level 3. HP: 19/19 MP: 6/10
  1240 | D:2      | Noticed Sigmund
  1251 | D:2      | Learned a level 2 spell: Static Discharge
  1255 | D:2      | Learned a level 3 spell: Swiftness
  1281 | D:2      | Killed Sigmund
  1282 | D:2      | Reached skill level 5 in Spellcasting
  1282 | D:2      | Reached XP level 4. HP: 14/24 MP: 1/13
  1282 | D:2      | Reached XP level 5. HP: 17/28 MP: 1/14
  1447 | D:2      | Noticed Robin
  1588 | D:2      | Killed Robin
  2050 | D:2      | Found a broken altar of Ashenzari.
  2276 | D:3      | Reached XP level 6. HP: 32/32 MP: 9/16
  2426 | D:3      | Learned a level 4 spell: Airstrike
  2715 | D:3      | Noticed Ijyb
  2717 | D:3      | Killed Ijyb
  2724 | D:3      | Found Jozuoh Ketoi's Jewellery Boutique.
  2865 | D:3      | Noticed Grinder
  2867 | D:3      | Paralysed by Grinder for 3 turns
  3014 | D:3      | Found a runed translucent door.
  3015 | D:3      | Noticed Crazy Yiuf
  3101 | D:3      | Found a faded altar of an unknown god.
  3163 | D:3      | Killed Grinder
  3164 | D:3      | Reached skill level 6 in Spellcasting
  3164 | D:3      | Reached skill level 5 in Conjurations
  3164 | D:3      | Reached skill level 5 in Air Magic
  3164 | D:3      | Reached XP level 7. HP: 36/36 MP: 4/18
  3416 | D:3      | Killed Crazy Yiuf
  3730 | D:4      | Found a bloodstained altar of Trog.
  4465 | D:4      | Identified the +7 mace of Xuyk {drain, Drain Fly rPois rF+
                  | Int+3}
  4536 | D:4      | Reached skill level 1 in Fighting
  4767 | D:5      | Entered Level 5 of the Dungeon
  4816 | D:5      | Noticed Eustachio
  4917 | D:5      | Killed Eustachio
  5018 | D:5      | Reached XP level 8. HP: 44/44 MP: 10/19
  5186 | D:5      | Noticed Blork the orc
  5188 | D:5      | Killed Blork the orc
  5368 | D:5      | Found a staircase to the Ecumenical Temple.
  5405 | Temple   | Entered the Ecumenical Temple
  5439 | Temple   | Became a worshipper of Vehumet
  5766 | D:5      | Noticed Edmund
  5769 | D:5      | Killed Edmund
  5919 | D:5      | Reached skill level 5 in Dodging
  6875 | D:5      | Reached XP level 9. HP: 23/51 MP: 1/20
  6893 | D:5      | Noticed Pikel
  7615 | D:6      | Reached skill level 1 in Staves
  7946 | D:7      | Reached * piety under Vehumet
  7946 | D:7      | Offered knowledge of Foxfire by Vehumet.
  8671 | D:7      | Reached skill level 10 in Air Magic
  8968 | D:6      | Reached XP level 10. HP: 43/58 MP: 6/21
  9065 | D:7      | Reached skill level 5 in Fighting
  9133 | D:7      | Found a glowing golden altar of the Shining One.
  9136 | D:7      | Found a shimmering altar of Xom.
  9171 | D:7      | Learned a level 4 spell: Anguish
  9600 | D:7      | Reached skill level 1 in Hexes
  9600 | D:7      | Reached skill level 1 in Necromancy
 10205 | D:8      | Noticed a two-headed ogre
 10892 | D:8      | Offered knowledge of Poisonous Vapours by Vehumet.
 10912 | D:8      | Reached ** piety under Vehumet
 11413 | D:8      | Reached skill level 7 in Spellcasting
 11629 | D:9      | Noticed a two-headed ogre
 11697 | D:8      | Killed a two-headed ogre
 12111 | D:9      | Killed a two-headed ogre
 12112 | D:9      | Reached skill level 8 in Spellcasting
 12112 | D:9      | Reached skill level 5 in Hexes
 12112 | D:9      | Reached skill level 5 in Necromancy
 12261 | D:9      | Noticed Psyche
 12264 | D:9      | Killed Psyche
 13057 | D:9      | Found a staircase to the Orcish Mines.
 13062 | D:9      | Offered knowledge of Searing Ray by Vehumet.
 13066 | D:9      | Learned a level 2 spell: Searing Ray
 13570 | D:9      | Reached *** piety under Vehumet
 13680 | D:10     | Entered Level 10 of the Dungeon
 13690 | D:9      | Reached skill level 9 in Spellcasting
 13833 | D:9      | Reached XP level 11. HP: 53/63 MP: 3/26
 14142 | D:10     | Noticed Maurice
 14148 | D:10     | Killed Maurice
 14982 | D:9      | Learned a level 5 spell: Freezing Cloud
 15189 | D:10     | Offered knowledge of Mephitic Cloud by Vehumet.
 15194 | D:10     | Learned a level 3 spell: Mephitic Cloud
 15442 | D:10     | Reached skill level 10 in Spellcasting
 15589 | D:10     | Noticed Josephine
 15600 | D:10     | Killed Josephine
 15601 | D:10     | Reached skill level 5 in Staves
 16009 | D:10     | Found a staircase to the Lair.
 16061 | D:10     | Reached **** piety under Vehumet
 16387 | D:11     | Reached skill level 11 in Spellcasting
 16895 | D:11     | Noticed a two-headed ogre
 17060 | D:11     | Noticed a red ugly thing
 17082 | D:11     | Offered knowledge of Plasma Beam by Vehumet.
 17082 | D:11     | Killed a red ugly thing
 17089 | D:11     | Learned a level 5 spell: Plasma Beam
 17187 | D:11     | Killed a two-headed ogre
 17188 | D:11     | Reached XP level 12. HP: 71/71 MP: 16/29
 17590 | D:11     | Noticed a two-headed ogre
 17600 | D:11     | Killed a two-headed ogre
 17601 | D:11     | Reached skill level 12 in Spellcasting
 18235 | D:12     | Noticed Fannar
 18235 | D:12     | Noticed a two-headed ogre
 18241 | D:12     | Killed a two-headed ogre
 18247 | D:12     | Killed Fannar
 18248 | D:12     | Reached skill level 10 in Dodging
 18667 | D:12     | Reached skill level 1 in Fire Magic
 19415 | D:13     | Found Hagot's Jewellery Boutique.
 19441 | D:13     | Noticed a five-headed hydra
 19442 | D:13     | Killed a five-headed hydra
 19809 | Lair:1   | Entered Level 1 of the Lair of Beasts
 22690 | Lair:1   | Reached XP level 13. HP: 40/80 MP: 23/31
 22871 | Lair:1   | Reached ***** piety under Vehumet
 23013 | Lair:1   | Offered knowledge of Olgreb's Toxic Radiance by Vehumet.
 23092 | Lair:1   | Learned a level 4 spell: Olgreb's Toxic Radiance
 23096 | Lair:1   | Learned a level 3 spell: Ignite Poison
 23738 | Lair:1   | You fall into a shaft and drop 1 floor!
 23809 | Lair:2   | Noticed Nergalle
 23814 | Lair:2   | Killed Nergalle
 25088 | Lair:2   | Reached skill level 10 in Fighting
 25088 | Lair:2   | Reached skill level 1 in Poison Magic
 25240 | Lair:2   | Found a staircase to the Swamp.
 25251 | Lair:2   | Reached skill level 1 in Ice Magic
 25644 | Lair:2   | Found a staircase to the Snake Pit.
 26926 | Lair:3   | Identified 2 scrolls of acquirement
 26926 | Lair:3   | Acquired the staff of conjuration "Xyempakk" {rN++ Str+2
                  | Stlth+}
 26929 | Lair:3   | Acquired a +1 buckler of resistance
 27018 | Lair:3   | Noticed Gastronok
 27024 | Lair:3   | Killed Gastronok
 27554 | Lair:4   | Identified the amulet "Hoemiejolu" {RegenMP Str+2}
 28000 | Lair:4   | Reached XP level 14. HP: 85/88 MP: 10/32
 28178 | Lair:4   | Found a white marble altar of Elyvilon.
 28504 | Lair:5   | Entered Level 5 of the Lair of Beasts
 29267 | Lair:4   | Offered knowledge of Arcjolt by Vehumet.
 29504 | Lair:5   | Found a staircase to the Slime Pits.
 29527 | Lair:5   | Found a viscous altar of Jiyva.
 29567 | Lair:5   | Reached skill level 13 in Spellcasting
 30026 | Lair:5   | Reached skill level 10 in Staves
 30060 | Lair:5   | Reached skill level 14 in Spellcasting
 30168 | Lair:4   | Learned a level 5 spell: Arcjolt
 30906 | Lair:5   | Reached skill level 15 in Spellcasting
 31572 | D:13     | Bought the ring "Nir Rirch" {Will+ MP+9 Dex+2} for 368 gold
                  | pieces
 31628 | D:13     | Found Safroaneor's Book Shoppe.
 31725 | D:13     | Found Zaastif's Armour Shop.
 31766 | D:13     | Found Kyr Ikei's Antique Armour Emporium.
 32014 | D:13     | Reached skill level 16 in Spellcasting
 32162 | D:13     | Found Araycs's Magic Scroll Emporium.
 32409 | D:14     | Learned a level 5 spell: Fireball
 33393 | D:14     | Found a gate to the Vaults.
 33700 | Orc:1    | Entered Level 1 of the Orcish Mines
 33703 | Orc:1    | Offered knowledge of Starburst by Vehumet.
 34019 | Orc:2    | Entered Level 2 of the Orcish Mines
 34116 | Orc:2    | Reached XP level 15. HP: 94/94 MP: 36/37
 34286 | Orc:2    | Found a staircase to the Elven Halls.
 34464 | Orc:2    | Found Plog's General Store.
 34472 | Orc:2    | Found Lucveiw's General Store.
 34488 | Orc:2    | Reached skill level 17 in Spellcasting
 34919 | Orc:2    | Reached skill level 18 in Spellcasting
 34994 | Orc:2    | Found Uzampaig's Jewellery Shop.
 34994 | Orc:2    | Found Zored's Antique Weapon Boutique.
 35218 | Orc:2    | Found a one-way gate leading to the halls of Pandemonium.
 35297 | Orc:2    | Noticed Nessos
 35303 | Orc:2    | Killed Nessos
 35649 | Swamp:1  | Entered Level 1 of the Swamp
 35795 | Swamp:1  | Offered knowledge of Yara's Violent Unravelling by Vehumet.
 36030 | Swamp:1  | Reached skill level 19 in Spellcasting
 36658 | Swamp:1  | Learned a level 7 spell: Orb of Destruction
 36821 | Swamp:1  | You fall into a shaft and drop 1 floor!
 36854 | Swamp:2  | HP: 3/97 [spriggan air mage/the air (21)]
 36854 | Swamp:2  | Killed from afar by a spriggan air mage

Illustrated notes

Levels and vault maps discovered:
D:1:      minmay_arrival_semitransparent, layout_basic, minmay_indecisive_spiral
D:2:      layout_loops_ring, basic_altar, uniq_jessica, uniq_robin, uniq_sigmund
D:3:      layout_basic, basic_ecumenical_altar, serial_shops,
          nicolae_shop_competitors_out_of_business, grunt_ministairs_3,
          uniq_ijyb, uniq_crazy_yiuf_cottage, uniq_grinder
D:4:      layout_basic, trog_book
D:5:      layout_gridville, minmay_temple_entry_grid, uniq_eustachio,
          uniq_pikel, uniq_blork_the_orc, uniq_edmund
D:6:      layout_cave_pools
D:7:      layout_gridville, chequers_temple_overflow_statue_of_worship,
          skrybe_limestone_x
D:8:      layout_cave_pods, serial_bayou_lagoon_a, grunt_decor_fettered
D:9:      layout_basic, zombieorc2_lemuel, uniq_psyche
D:10:     layout_rooms, hellmonk_lair_entry_icy, enter_bailey_2, uniq_maurice,
          uniq_josephine
D:11:     layout_loops_cross
D:12:     layout_long_grid, dreamdust_princess_bridge, uniq_fannar
D:13:     layout_roguey, serial_shops, kennysheep_mini,
          nicolae_shop_hallway_plus, nicolae_shop_crystal, shop,
          nicolae_shop_behind_doors
D:14:     layout_cave_pods, david_vaults_1, nicolae_twisting_strands
Temple:   compressed_dpeg_triangle_lava_temple
Lair:1:   dreamdust_isle_of_ice, layout_chaotic_city,
          chequers_serial_rivers_room_b
Lair:2:   layout_regular_city, skrybe_swamp_entry_bodies,
          guppyfry_snake_entry_island, uniq_nergalle
Lair:3:   layout_roguey, grunt_megastairs_5, uniq_gastronok
Lair:4:   layout_loops_ring, basic_altar, lemuel_fruit_tree
Lair:5:   evilmike_catoblepas_cave, layout_gridlike,
          nicolae_slime_entry_field_trip, nicolae_lair_liquid_snakes,
          grunt_megastairs_1
Swamp:1:  nicolae_swamp_flooded_prison, layout_falls_marsh,
          evilmike_swamp_ruin_house_5
Swamp:2:  layout_basic_swamp, wheals_swamp_sinkhole,
          infiniplex_staircase_pool_2, uniq_donald
Orc:1:    layout_caves, basic_altar, nicolae_orc_jurassic_orc
Orc:2:    pf_orc_diabolical, layout_diamond_mine, uniq_nessos

Skill      XL: |  1  2  3  4  5  6  7  8  9 10 11 12 13 14 15 |
---------------+----------------------------------------------+-----
Spellcasting   | 4 5 6 9 11 12 16 19 | 19.9
Conjurations   | 2 3 4 5 |  5.9
Air Magic      | 4 5 6 8 10 11 12 | 12.4
Fighting       | 1 3 4 5 6 9 10 11 12 | 12.3
Dodging        | 4 5 6 9 10 | 10.0
Staves         | 3 5 6 8 10 | 10.0
Hexes          | 6 |  6.5
Necromancy     | 6 |  6.0
Fire Magic     | 2 3 |  3.0
Poison Magic   | 3 |  3.0
Ice Magic      | 2 |  2.5
Stealth        | |  2.4

Action                     |  1- 3 |  4- 6 |  7- 9 | 10-12 | 13-15 || total
---------------------------+-------+-------+-------+-------+-------++-------
  Melee: Short sword       |     5 |       |       |       |       ||     5
         Club              |       |       |     7 |       |       ||     7
         Staff             |       |       |     6 |    56 |   104 ||   166
         Punch             |       |       |       |     1 |     2 ||     3
   Cast: Shock             |    42 |    74 |   108 |   115 |    39 ||   378
         Airstrike         |       |     4 |    93 |   200 |   108 ||   405
         Static Discharge  |       |       |     7 |     8 |     4 ||    19
         Swiftness         |       |       |     2 |       |       ||     2
         Anguish           |       |       |       |     6 |       ||     6
         Searing Ray       |       |       |       |    17 |     8 ||    25
         Freezing Cloud    |       |       |       |    17 |    12 ||    29
         Mephitic Cloud    |       |       |       |    19 |    52 ||    71
         Plasma Beam       |       |       |       |    67 |   179 ||   246
         Olgreb's Toxic Ra |       |       |       |       |   115 ||   115
         Ignite Poison     |       |       |       |       |   117 ||   117
         Fireball          |       |       |       |       |    28 ||    28
         Arcjolt           |       |       |       |       |    11 ||    11
  Evoke: Wand              |       |       |       |     2 |       ||     2
    Use: Potion            |       |       |     1 |     8 |     1 ||    10
         Scroll            |       |       |       |    12 |    12 ||    24
   Stab: Sleeping          |     1 |       |       |     1 |       ||     2
         Distracted        |       |       |     1 |       |       ||     1
         Confused          |       |       |       |     4 |       ||     4
 Armour: Robe              |     4 |     2 |     7 |    61 |    97 ||   171
         Skin              |       |       |       |     6 |       ||     6
  Dodge: Dodged            |     7 |     1 |    41 |   222 |   208 ||   479
  Block: Other             |       |       |     4 |    68 |    33 ||   105
         Reflection        |       |       |       |     1 |       ||     1
         Buckler           |       |       |       |       |    28 ||    28

Table legend: (Time is in decaauts)
 A = Elapsed time spent in this place.
 B = Non-inter-level travel time spent in this place.
 C = Inter-level travel time spent in this place.
 D = Time resting spent in this place.
 E = Time spent auto-exploring this place.
 F = Levels seen in this place.
 G = Mean time per level.
                   A        B        C        D        E       F      G
               +--------+--------+--------+--------+--------+-----+--------+
         Total |  36928 |  35607 |   1321 |  17237 |  13933 |  24 | 1538.7 |
       Dungeon |  24805 |  23789 |   1016 |  11947 |   9078 |  14 | 1771.8 |
        Temple |     44 |     34 |     10 |      0 |     25 |   1 |   44.0 |
          Lair |   8950 |   8717 |    233 |   4326 |   3339 |   5 | 1790.0 |
         Swamp |   1227 |   1227 |      0 |    529 |    444 |   2 |  613.5 |
  Orcish Mines |   1899 |   1839 |     60 |    434 |   1047 |   2 |  949.5 |
               +--------+--------+--------+--------+--------+-----+--------+

Top non-repeatable levels by time:
    D:10: 4463 daAuts
     D:9: 3006 daAuts
  Lair:4: 2192 daAuts
     D:6: 2070 daAuts
  Lair:5: 1894 daAuts
  Lair:1: 1892 daAuts
  Lair:2: 1784 daAuts
     D:7: 1759 daAuts
     D:8: 1733 daAuts
   Orc:2: 1575 daAuts
    D:12: 1575 daAuts
     D:5: 1521 daAuts
     D:3: 1468 daAuts
    D:11: 1414 daAuts
    D:14: 1351 daAuts
